 Dungeon Crawl Stone Soup version 0.31-a0-344-gd109795599 (webtiles) character file.

Game seed: 9448253305635322990

1172 Hajna the Gusty (level 8, -3/58 HPs)
             Began as a Red Draconian Air Elementalist on July 22, 2023.
             Was a Follower of Ashenzari.
             Slain by a sky beast (5 damage)
             ... on level 6 of the Dungeon.
             The game lasted 00:13:12 (6488 turns).

Hajna the Gusty (Red Draconian Air Elementalist)    Turns: 6488, Time: 00:13:12

Health: -3/58      AC:  8    Str: 11    XL:     8   Next: 18%
Magic:  4/16       EV: 12    Int: 17    God:    Ashenzari [*.....]
Gold:   233        SH:  0    Dex: 12    Spells: 7/17 levels left

rFire   . . .        b - +2 dagger "Chagrin of Ashenzari" {venom, Range, Bglg} (curse)
rCold   + . .        (no shield)
rNeg    . . .        (body armour unavailable)
rPois   .            (helmet restricted)
rElec   .            l - +0 cloak
rCorr   .            m - +0 pair of gloves
SInv    .            (no boots)
Will    .....        (no amulet)
Stlth   ++           i - ring of flight
HPRegen 0.29/turn    k - ring "Enlightened Vision" {Ice, Alch, Dev} (curse)
MPRegen 0.15/turn

%: no passive effects
@: flying
A: breathe fire, AC +6, unfitting armour, fire resistance 1, cold-blooded
a: Breathe Fire, Renounce Religion, Shatter the Chains


You were on level 6 of the Dungeon.
You worshipped Ashenzari.
Ashenzari was aware of your devotion.
You visited 1 branch of the dungeon, and saw 7 of its levels.

You collected 233 gold pieces.

Inventory:

Hand Weapons
 b - the cursed +2 dagger "Chagrin of Ashenzari" (weapon) {venom, Range, Bglg}
   (You took it off a goblin on level 1 of the Dungeon)

   It has a curse which improves the following skills: Ranged Combat: Ranged
   Weapons and Throwing.
   Beguiling: Conjurations, Hexes and Translocations.
Missiles
 f - 3 datura-tipped darts
Armour
 l - a +0 cloak (worn)
 m - a +0 pair of gloves (worn)
 n - +0 pearl dragon scales
Jewellery
 i - a ring of flight (left hand)
 k - the cursed ring "Enlightened Vision" (right hand) {Ice, Alch, Dev}
   (You found it on level 2 of the Dungeon)

   [ring of ice]

   It enhances your ice magic.
   rF:        It makes you vulnerable to fire.
   rC:        It protects you from cold.
   It has a curse which improves the following skills: Alchemy: Poison Magic and
   Transmutations.
   Devices:   Evocations and Shapeshifting.
 r - a ring of ice
Wands
 w - a wand of iceblast (6)
Scrolls
 c - 4 scrolls of teleportation
 e - a scroll of silence
 j - 2 scrolls of torment
 p - a scroll of fear
 s - a scroll of vulnerability
 t - a scroll of identify
 y - a scroll of amnesia
 z - a scroll of butterflies
 B - a scroll of blinking
Potions
 d - 4 potions of degeneration
 g - 3 potions of curing
 h - a potion of attraction
 o - 4 potions of might
 q - a potion of ambrosia
 u - a potion of brilliance
 v - a potion of mutation
 A - 2 potions of enlightenment


   Skills:
 + Level 0.7 Fighting
 + Level 1.4 Short Blades
 + Level 2.7 Dodging
 + Level 2.7 Stealth
 + Level 5.4 Spellcasting
 + Level 4.5(5.3) Conjurations
 + Level 6.1 Air Magic


You had 7 spell levels left.
You knew the following spells:

 Your Spells              Type           Power      Damage    Failure   Level
a - Shock                 Conj/Air       96%        1d9       1%          1
b - Static Discharge      Conj/Air       48%        2-4/arc   1%          2
c - Swiftness             Air            25%        N/A       3%          3
d - Airstrike             Air            12%        2d(2-18)  11%         4

Your spell library contained the following spells:

 Spells                   Type           Power      Damage    Failure   Level
 Petrify                  Tmut/Erth      4%         N/A       80%         4
 Leda's Unmaking          Conj/Erth      6%         9d2       100%        6
 Lehudib's Crystal Spear  Conj/Erth      6%         10d3      100%        8


Dungeon Overview and Level Annotations

Branches:
Dungeon (7/15)             Temple (0/1) D:7

Altars:
Ashenzari
Cheibriados
Gozag
Hepliaklqana
Qazlal

Shops:
D:5 [


Innate Abilities, Weirdness & Mutations

You can breathe blasts of fire.
Your fiery red scales are hard. (AC +6)
You cannot fit into any form of body armour.
Your flesh is heat resistant. (rF+)
You are cold-blooded and may be slowed by cold attacks.


Message History

The bullfrog barely misses you. Something hits you but does no damage.
Casting: Static Discharge (safe; 1% risk of failure)
Confirm with . or Enter, or press ? or * to list all spells.
The bullfrog is struck by an arc of lightning.
The bullfrog is almost dead.
The bullfrog barely misses you.
The bullfrog hits you but does no damage.
Something hits you but does no damage.
Casting: Static Discharge (safe; 1% risk of failure)
Confirm with . or Enter, or press ? or * to list all spells.
The bullfrog is struck by an arc of lightning.
You kill the bullfrog!
You are struck by an arc of lightning.
The lightning grounds out.
Something hits you but does no damage.
Casting: Static Discharge (safe; 1% risk of failure)
Confirm with . or Enter, or press ? or * to list all spells.
Some blue arcs ground themselves harmlessly.
Something hits you. Something shocks you.
* * * LOW HITPOINT WARNING * * *
Casting: Static Discharge (safe; 1% risk of failure)
Confirm with . or Enter, or press ? or * to list all spells.
The air crackles with electrical energy.
Something barely misses you.
Casting: Static Discharge (safe; 1% risk of failure)
Confirm with . or Enter, or press ? or * to list all spells.
The air crackles with electrical energy.
Something hits you.
* * * LOW HITPOINT WARNING * * *
Something shocks you.
* * * LOW HITPOINT WARNING * * *
You closely miss something. You barely miss something.
Something hits you but does no damage.
You closely miss something. Something hits you but does no damage.
You closely miss something. Something hits you but does no damage.
You hit something.
A sky beast appears from thin air!
Reactivating autopickup.
The sky beast hits you.
* * * LOW HITPOINT WARNING * * *
The sky beast shocks you.
You die...

######### #.......#
#.#♣♣♣♣'♣♣♣♣###
#..'.......'..#
###..♣.#...#.♣#.##
#....♣.#._.#.♣....
#.#..♣.#...#.♣....
###@#..'.......+....
#...Y..♣♣♣♣+♣♣♣♣####
#...[>...##.##.#
#...[..........#
########.##....#
#...#.##.#
#......[.# ###
#..##.######..
#######.........##..


You could see a sky beast (very poisoned).

Vanquished Creatures
  An orc warrior (D:6)
  An ice beast (D:5)
  A black bear (D:5)
  An ogre (D:6)
  2 centaurs (D:6)
  2 phantoms
  Blork the orc (D:5)
  A bullfrog (D:6)
  A scorpion (D:5)
  An orc priest (D:3)
  A hound (D:4)
  3 iguanas
  6 adders
  A white imp (D:5)
  9 dart slugs (D:3)
  8 orcs
  7 endoplasms
  10 goblins
  2 hobgoblins
  5 jackals
  5 kobolds
  5 quokkas
  6 ball pythons
  4 bats
  4 frilled lizards (D:3)
  5 rats
93 creatures vanquished.

Notes
Turn   | Place    | Note
-------+----------+-------------------------------------------
     0 | D:1      | Hajna the Draconian Air Elementalist began the quest for
                  | the Orb.
     0 | D:1      | Reached XP level 1. HP: 14/14 MP: 3/3
   408 | D:1      | Reached XP level 2. HP: 20/20 MP: 0/5
   516 | D:1      | Learned a level 2 spell: Static Discharge
  1468 | D:2      | Reached XP level 3. HP: 25/26 MP: 0/6
  1956 | D:2      | Learned a level 3 spell: Swiftness
  2014 | D:2      | Found an opulent altar of Gozag.
  2429 | D:2      | Got Dispater's Writings on the Plateau
  2670 | D:3      | Reached XP level 4. HP: 33/33 MP: 5/8
  2932 | D:3      | Reached skill level 4 in Air Magic
  3656 | D:4      | Reached XP level 5. HP: 33/38 MP: 0/9
  3895 | D:4      | Found a broken altar of Ashenzari.
  3900 | D:4      | Saw a vision of the Swamp and the Snake Pit.
  3900 | D:4      | Noticed a four-headed hydra
  3900 | D:4      | Noticed a goliath frog
  3900 | D:4      | Noticed a spriggan rider
  3900 | D:4      | Noticed an alligator
  3900 | D:4      | Noticed a ghoul
  3900 | D:4      | Noticed an eleionoma
  3901 | D:4      | Noticed a bloated husk
  3901 | D:4      | Noticed a mana viper
  3901 | D:4      | Noticed a vampire mosquito
  3901 | D:4      | Noticed a will-o-the-wisp
  3902 | D:4      | Noticed a naga
  3903 | D:4      | Noticed a naga sharpshooter
  3903 | D:4      | Noticed a naga
  3904 | D:4      | Became a worshipper of Ashenzari the Shackled
  4496 | D:4      | Learned a level 4 spell: Airstrike
  4560 | D:4      | Found a snail-covered altar of Cheibriados.
  4658 | D:5      | Entered Level 5 of the Dungeon
  4668 | D:5      | Reached XP level 6. HP: 45/45 MP: 2/11
  4773 | D:5      | Noticed Blork the orc
  4778 | D:5      | Noticed an ice beast
  4802 | D:5      | Killed Blork the orc
  4806 | D:5      | Killed an ice beast
  4971 | D:5      | Found Xytaini's Antique Armour Emporium.
  5022 | D:5      | Reached skill level 5 in Air Magic
  5022 | D:5      | Your scales start taking on a fiery red colour.
  5022 | D:5      | Reached XP level 7. HP: 50/50 MP: 4/13
  5022 | D:5      | Gained mutation: Your flesh is heat resistant. (rF+) [Red
                  | Draconian growth]
  5345 | D:5      | Reached * piety under Ashenzari
  5624 | D:5      | Found a stormy altar of Qazlal.
  6001 | D:6      | Reached skill level 1 in Short Blades
  6002 | D:6      | Reached skill level 5 in Spellcasting
  6108 | D:6      | Reached XP level 8. HP: 50/58 MP: 8/15
  6262 | D:6      | Found a hazy altar of Hepliaklqana.
  6296 | D:7      | Found a staircase to the Ecumenical Temple.
  6309 | D:6      | Reached skill level 6 in Air Magic
  6488 | D:6      | HP: 2/58 [sky beast (3)]
  6488 | D:6      | Slain by a sky beast

Illustrated notes

Levels and vault maps discovered:
D:1:      minmay_arrival_four_loops, layout_basic
D:2:      layout_basic, basic_altar, nicolae_titane
D:3:      kennysheep_slugbush, layout_basic, minmay_misc_feat_plants,
          st_stairs_5, wander_ebering_terrifying_dragon_lair
D:4:      layout_gridville, grunt_ashenzari_visionary
          [grunt_ashenzari_visionary_swamp, grunt_ashenzari_visionary_snake],
          lemuel_crystal_altar, kennysheep_generic_room_11
D:5:      layout_cave_pods, lemuel_round_altar, serial_shops, shop,
          uniq_blork_the_orc
D:6:      gammafunk_wand_slinger, layout_basic,
          mainiacjoe_overflow_six_doors_small, nicolae_houndstooth_variations
D:7:      layout_layer_cave, minmay_temple_entry_large_hall

Skill      XL: |  1  2  3  4  5  6  7  8 |
---------------+-------------------------+-----
Dodging        | 2 |  2.7
Conjurations   | 2 3 4 |  4.5
Spellcasting   | 3 4 5 |  5.4
Air Magic      | 4 5 6 |  6.1
Stealth        | 2 |  2.7
Short Blades   | 1 |  1.4
Fighting       | |  0.7

Action                     |  1- 3 |  4- 6 |  7- 9 || total
---------------------------+-------+-------+-------++-------
  Melee: Dagger            |    10 |    15 |    16 ||    41
         Tailslap          |     1 |       |       ||     1
   Cast: Shock             |   111 |    95 |    17 ||   223
         Static Discharge  |     4 |     6 |    31 ||    41
         Airstrike         |       |     3 |     3 ||     6
 Invoke: Curse Item        |       |     1 |     1 ||     2
Ability: Breathe Fire      |       |       |     1 ||     1
    Use: Scroll            |       |     7 |       ||     7
         Potion            |       |     1 |     2 ||     3
 Armour: Skin              |     8 |    15 |    27 ||    50
  Dodge: Dodged            |    26 |    14 |    34 ||    74

Table legend: (Time is in decaauts)
 A = Elapsed time spent in this place.
 B = Non-inter-level travel time spent in this place.
 C = Inter-level travel time spent in this place.
 D = Time resting spent in this place.
 E = Time spent auto-exploring this place.
 F = Levels seen in this place.
 G = Mean time per level.
                   A        B        C        D        E       F      G
               +--------+--------+--------+--------+--------+-----+--------+
         Total |   6491 |   6350 |    141 |      0 |   5697 |   7 |  927.3 |
       Dungeon |   6491 |   6350 |    141 |      0 |   5697 |   7 |  927.3 |
               +--------+--------+--------+--------+--------+-----+--------+

Top non-repeatable levels by time:
     D:2: 1487 daAuts
     D:5: 1218 daAuts
     D:1: 1210 daAuts
     D:4: 1120 daAuts
     D:3: 840 daAuts
     D:6: 603 daAuts
     D:7: 10 daAuts
